 Dungeon Crawl Stone Soup version 0.29.1-12-g30fa7ad0bf (webtiles) character file.

Game seed: 18037075115801378382

105 hawla the Chiller (level 5, -3/39 HPs)
             Began as a Meteoran Ice Elementalist on Dec 15, 2022.
             Slain by an ice beast (8 damage)
             ... on level 5 of the Dungeon.
             The game lasted 00:04:40 (520 turns).

hawla the Chiller (Meteoran Ice Elementalist)        Turns: 520, Time: 00:04:41

Health: -3/39      AC:  2    Str: 10    XL:     5   Next: 31%
Magic:  11/11      EV: 12    Int: 24    God:
Gold:   103        SH:  0    Dex: 14    Spells: 3/11 levels left

rFire   . . .      SeeInvis .   g - +0 great mace
rCold   . . .      Faith    .   (shield currently unavailable)
rNeg    . . .      Spirit   .   a - +0 robe
rPois   .          Reflect  .   (no helmet)
rElec   .          Harm     .   (no cloak)
rCorr   .          Rampage  .   (no gloves)
Will    .....                   (no boots)
Stlth   +.........              e - amulet of magic regeneration
HPRegen 0.13/turn               i - +6 ring of intelligence
MPRegen 0.52/turn               (no ring)

@: glowing
A: sense surroundings 1, otherworldly, glowing, explore regen
a: no special abilities


You were on level 5 of the Dungeon.
You visited 1 branch of the dungeon, and saw 5 of its levels.

You collected 103 gold pieces.

Inventory:

Hand Weapons
 g - a +0 great mace (weapon)
Armour
 a - a +0 robe (worn)
Magical Staves
 l - a staff of death
Jewellery
 e - an amulet of magic regeneration (around neck)
 i - a +6 ring of intelligence (left hand)
Scrolls
 h - 3 scrolls of teleportation {unknown}
Potions
 b - a potion of magic
 f - 2 potions of might
 j - 2 potions of curing
 k - a potion of flight
 m - a potion of degeneration


   Skills:
 - Level 0.4 Fighting
 - Level 0.6 Maces & Flails
 - Level 2.6 Dodging
 - Level 1.4 Stealth
 - Level 3.8 Spellcasting
 + Level 0.9 Conjurations
 - Level 5.8 Ice Magic


You had 3 spell levels left.
You knew the following spells:

 Your Spells              Type           Power      Damage    Failure   Level
a - Freeze                Ice            100%       1d11      1%          1
b - Frozen Ramparts       Ice            64%        1d10      2%          3
c - Hailstorm             Conj/Ice       20%        3d6       26%         4

Your spell library contained the following spells:

 Spells                   Type           Power      Damage    Failure   Level
 Ozocubu's Armour         Ice            32%        N/A       2%          3
 Tukima's Dance           Hex            4%         N/A       30%         3
 Passage of Golubria      Tloc           4%         N/A       69%         4
 Yara's Violent Unravell  Hex/Tmut       2%         3d3       95%         5


Dungeon Overview and Level Annotations

Branches:
Dungeon (5/15) Zot: 2473
 Temple: D:4-7

Altars:


Innate Abilities, Weirdness & Mutations

You passively map a small area around you.
You are easily found by Zot.
You glow in the dark.
You regain HP and MP as you explore.


Message History

You freeze the adder.
The adder is almost dead.
The adder seems to slow down.
The adder bites you.
You are poisoned.
The adder poisons you!
Casting: Freeze (safe; 1% risk of failure)
Confirm with . or Enter, or press ? or * to list all spells.
Aiming: Freeze (safe; 1% risk of failure)
Press: ? - help, Shift-Dir - straight line, f/p - adder
Aim: an adder (almost dead, slow)
You freeze the adder!
You kill the adder!
You feel sick.
Magic restored.
You feel sick.
Found 6 poisoned darts.
You feel sick.
You feel sick.
You feel sick.
You feel sick.
You are no longer poisoned.
f - 2 potions of might (gained 1) HP restored.
You pick up Great Wizards, Vol.
VII and begin reading...
You add the spells Tukima's Dance, Passage of Golubria and Yara's Violent Unravelling to your library.
Found an escape hatch in the ceiling.
Found a stone staircase leading down.
Found a stone staircase leading up.
No target in view!
No target in view!
No target in view!
An ice beast comes into view.
You hit the ice beast.
The ice beast is lightly wounded.
The ice beast hits you. The ice beast freezes you!
You barely miss the ice beast.
The ice beast is lightly wounded.
The ice beast hits you. The ice beast freezes you!
* * * LOW HITPOINT WARNING * * *
The ice beast hits you.
* * * LOW HITPOINT WARNING * * *
The ice beast freezes you!
You die...

, .....** ..# .. ,
,...., <.##.# .## ,...
.?...# , , * ...
..###.....# * , , * ..
..<....., ..,##..... ,
* #. #....#### , * ...
#.###......# , ... *
>..##.....@..#.#, ,
,..## #.......###Y## ,
##..# #.....#.#*,..#* ,
....###.#.###.#* ..## ,
.....###..###.## ... ,,
* .....#....##...#
..##* ,,
...<...........##..., *
.......#...###..#.##* ,
#......#..#.#......####


You could see an ice beast.

Vanquished Creatures
  A hound (D:4)
  3 adders
  2 worms (D:2)
  A ball python (D:4)
  An endoplasm (D:3)
  3 goblins
  6 hobgoblins
  15 jackals
  4 bats
  A kobold (D:2)
  A rat (D:2)
38 creatures vanquished.

Notes
Turn   | Place    | Note
-------+----------+-------------------------------------------
     0 | D:1      | hawla the Meteoran Ice Elementalist began the quest for the
                  | Orb.
     0 | D:1      | Reached XP level 1. HP: 14/14 MP: 5/5
    37 | D:1      | Reached XP level 2. HP: 19/20 MP: 2/6
    74 | D:2      | Reached skill level 5 in Ice Magic
    74 | D:2      | Reached XP level 3. HP: 23/26 MP: 5/8
   179 | D:2      | Learned a level 3 spell: Frozen Ramparts
   314 | D:2      | Reached XP level 4. HP: 33/33 MP: 6/9
   419 | D:4      | Reached XP level 5. HP: 10/39 MP: 7/11
   463 | D:4      | Learned a level 4 spell: Hailstorm
   471 | D:5      | Entered Level 5 of the Dungeon
   517 | D:5      | Noticed an ice beast
   520 | D:5      | Slain by an ice beast

Illustrated notes

Levels and vault maps discovered:
D:1:      lemuel_arrival_muddy, layout_loops_ring,
          hellmonk_ecumenical_altar_prayer_group
D:2:      layout_basic, minmay_octomino_c4
D:3:      cheibrodos_helix_gallery, layout_loops_ring
D:4:      layout_rooms, nicolae_ru_awakened_eye, serial_shops,
          nicolae_shop_hallway_stairs, enter_ossuary_4
D:5:      minmay_skewed_foursquare, layout_cave_pools

Skill      XL: |  1  2  3 |
---------------+----------+-----
Ice Magic      | 5 |  5.8
Spellcasting   | 3 |  3.8
Fighting       | |  0.4
Maces & Flails | |  0.6
Dodging        | |  2.6
Stealth        | |  1.4
Conjurations   | |  0.9

Action                   |  1- 3 |  4- 6 || total
-------------------------+-------+-------++-------
Melee: Great mace        |     5 |     6 ||    11
 Cast: Freeze            |    24 |     5 ||    29
       Frozen Ramparts   |     4 |     3 ||     7
  Use: Scroll            |       |     5 ||     5
Armor: Robe              |     8 |     1 ||     9
Dodge: Dodged            |     9 |     6 ||    15
